Map: Winter's Gate LE

Players

Ratl

  • Race: Terran Terran
  • Spawn Location: 11:00

VOD

Have the link to the VOD?

Description

Time

  • Played on: Oct. 29, 2019, 6:49 p.m.
  • Length: 10:18
Show
View Real Time Build Order
Export as new Build Order

Ratl Terran 

Build Orders:  

Get SALT Encoding   

  12  0:04  SCV  
  13  0:28  Supply Depot  
  13  0:36  Supply Depot  
  13  0:40  SCV  
  14  0:57  SCV  
  15  1:14  Barracks  
  15  1:16  SCV  
  16  1:33  SCV  
  13  2:00  SCV  
  17  2:08  Refinery  
  18  2:20  Orbital Command  
  18  2:32  Refinery  
  18  2:39  Marine  
  19  2:58  SCV  
  20  3:04  Marine  
  21  3:14  SCV  
  22  3:29  Marine  
  23  3:30  Command Center  
  23  3:31  SCV  
  24  3:48  SCV  
  25  3:54  Marine  
  26  4:05  SCV  
  27  4:19  Marine  
  28  4:22  SCV  
  29  4:39  SCV  
  30  4:44  Supply Depot  
  30  5:08  Supply Depot  
  30  5:12  SCV  
  30  5:16  Supply Depot  
  30  5:18  SCV  
  32  5:29  SCV  
  33  5:36  Orbital Command  
  33  5:42  Supply Depot  
  33  5:46  SCV  
  34  5:50  Barracks Reactor  
  34  6:03  SCV  
  34  6:05  Engineering Bay  
  35  6:16  Factory  
  35  6:20  SCV  
  35  6:26  SCV  
  37  6:34  Refinery  
  37  6:37  SCV  
  38  6:42  Refinery  
  38  6:43  SCV  
  38  6:45  Marine  
  38  6:46  Marine  
  41  6:54  SCV  
  41  6:56  Barracks  
  42  7:00  SCV  
  43  7:10  Marine  
  43  7:11  Marine, SCV  
  43  7:17  SCV  
  47  7:20  Factory  
  47  7:28  SCV  
  48  7:31  Bunker  
  48  7:34  SCV  
  48  7:35  Marine x2  
  51  7:50  Armory  
  51  7:51  SCV  
  51  7:54  Starport, Factory Tech Lab  
  52  8:05  Reaper x2  
  52  8:08  SCV  
  55  8:11  Barracks Tech Lab  
  47  8:25  SCV  
  44  8:40  Factory Reactor  
  44  8:42  SCV  
  46  8:50  Reaper x2  
  46  8:56  Marauder  
  47  9:00  Hellion  
  45  9:10  Viking  
  40  9:25  Missile Turret  
  40  9:26  Marauder  
  35  9:30  Marine, Hellion  
  35  9:35  Reaper  
Tags
 
Add a new tag
Caveats
  • Supply blocks, unpowered buildings, or Contaminate may cause inaccurate times.
  • Supply counts are checked every 10 seconds.